Map: Daybreak LE (Void)

Players

Stats

  • Race: Protoss Protoss
  • Spawn Location: 7:00

INnoVation - Winner!

  • Race: Terran Terran
  • Spawn Location: 1:00

Event: IEM Season 11 - Gyeonggi

VOD

Have the link to the VOD?

Description

Time

  • Played on: Dec. 13, 2016, 8:44 p.m.
  • Length: 12:36

All games in this series

Show
View Real Time Build Order
Export as new Build Order

Stats Protoss 

Build Orders: 1 Gate Expand, Blink Stalkers, Colossus Rush 

Get SALT Encoding   

  12  0:00  Probe (Chrono Boost)  
  13  0:11  Probe (Chrono Boost)  
  14  0:18  Pylon  
  14  0:22  Probe (Chrono Boost)  
  15  0:36  Gateway, Probe (Chrono Boost)  
  15  0:41  Assimilator  
  16  0:47  Probe (Chrono Boost)  
  17  0:57  Probe (Chrono Boost)  
  18  1:08  Probe (Chrono Boost)  
  19  1:20  Nexus  
  19  1:29  Cybernetics Core  
  19  1:32  Probe (Chrono Boost)  
  20  1:37  Assimilator  
  20  1:43  Probe (Chrono Boost)  
  21  1:48  Pylon  
  21  1:53  Probe (Chrono Boost)  
  22  2:06  Mothership Core (Chrono Boost)  
  22  2:07  Warp Gate  
  24  2:11  Adept  
  26  2:25  Probe (Chrono Boost)  
  27  2:32  Probe (Chrono Boost)  
  27  2:35  Probe (Chrono Boost)  
  29  2:37  Robotics Facility  
  29  2:42  Probe (Chrono Boost)  
  30  2:46  Probe (Chrono Boost)  
  30  2:51  Twilight Council  
  31  2:53  Probe (Chrono Boost)  
  31  2:56  Probe (Chrono Boost)  
  33  3:03  Probe (Chrono Boost)  
  34  3:07  Probe (Chrono Boost)  
  34  3:11  Gateway  
  35  3:14  Gateway  
  35  3:17  Probe (Chrono Boost)  
  35  3:19  Probe (Chrono Boost)  
  37  3:24  Pylon  
  37  3:25  Observer  
  37  3:26  Probe (Chrono Boost)  
  38  3:28  Blink (Chrono Boost)  
  38  3:29  Probe (Chrono Boost)  
  40  3:36  Probe  
  40  3:41  Probe  
  42  3:45  Pylon  
  42  3:47  Probe, Observer  
  43  3:51  Assimilator  
  43  3:53  Probe  
  45  3:58  Probe  
  45  4:00  Assimilator  
  46  4:05  Probe  
  47  4:10  Stalker x2  
  47  4:12  Stalker  
  47  4:13  Probe  
  54  4:17  Probe  
  55  4:24  Probe  
  55  4:29  Probe  
  55  4:30  Warp Prism (Chrono Boost)  
  59  4:33  Pylon  
  59  4:38  Pylon  
  59  4:46  Stalker  
  59  4:51  Stalker  
  59  4:52  Stalker  
  65  4:57  Robotics Bay  
  65  5:07  Resonating Glaives  
  65  5:19  Adept x3  
  71  5:22  Pylon  
  71  5:29  Nexus  
  71  5:32  Pylon  
  71  5:41  Sentry  
  73  5:44  Adept, Colossus (Chrono Boost)  
  73  5:46  Adept  
  83  5:54  Probe x2  
  85  5:59  Pylon  
  85  6:13  Adept x3  
  85  6:16  Probe x2  
  93  6:26  Pylon  
  93  6:30  Pylon  
  93  6:31  Colossus (Chrono Boost)  
  99  6:32  Extended Thermal Lance  
  99  6:38  Adept  
  101  6:42  Adept x2  
  104  7:04  Stalker x3, Probe  
  104  7:06  Probe x2  
  97  7:12  Pylon x2  
  97  7:14  Stalker  
  97  7:15  Stalker x2  
  94  7:41  Stalker x3  
  98  7:46  Probe  
  98  7:47  Probe x2  
  98  7:50  Pylon  
  101  7:56  Probe  
  102  7:59  Probe x2  
  102  8:03  Colossus (Chrono Boost)  
  102  8:05  Pylon  
  110  8:07  Sentry x2, Probe  
  110  8:09  Sentry  
  110  8:11  Probe x2  
  119  8:13  Pylon  
  119  8:18  Forge  
  119  8:19  Forge  
  119  8:20  Probe  
  119  8:23  Probe  
  119  8:24  Probe  
  122  8:31  Stalker x2  
  122  8:32  Stalker  
  128  8:35  Probe  
  128  8:36  Probe  
  128  8:37  Probe  
  128  8:41  Assimilator x2  
  131  8:46  Disruptor (Chrono Boost)  
  131  8:53  Protoss Ground Weapons Level 1 (Chrono Boost)  
  131  8:54  Protoss Ground Armor Level 1 (Chrono Boost)  
  134  8:57  Probe x3  
  137  9:03  Stalker x2  
  137  9:09  Pylon  
  141  9:11  Pylon  
  141  9:13  Pylon  
  141  9:17  Pylon  
  141  9:21  Gateway  
  141  9:22  Gateway  
  141  9:23  Gateway  
  141  9:25  Observer  
  142  9:40  Adept x3  
  142  9:41  Disruptor  
  151  10:00  Nexus, Gateway  
  151  10:02  Pylon, Gateway  
  149  10:19  Observer  
  149  10:24  Stalker x2  
  153  10:35  Adept x2  
  153  10:36  Adept x2  
  153  10:39  Probe x3  
  164  10:53  Adept x2  
  148  11:12  Observer  
  148  11:16  Adept x6  
  101  11:34  Stalker x2  
  101  11:38  Adept  
  101  11:39  Adept x5  
  91  11:58  Probe  
  91  11:59  Probe x2  
  91  12:01  Adept x2, Sentry x2  
  96  12:02  Adept x2  
  96  12:07  Adept  
Show
View Real Time Build Order
Export as new Build Order

INnoVation Terran - Winner!

Build Orders: Reaper Expand, MMM Bio 

Get SALT Encoding   

  12  0:00  SCV  
  13  0:12  SCV  
  14  0:17  Supply Depot  
  14  0:24  SCV  
  15  0:29  Refinery  
  15  0:39  SCV  
  16  0:45  Barracks  
  16  0:51  SCV  
  17  1:03  SCV  
  18  1:15  SCV  
  19  1:31  Orbital Command  
  19  1:32  Reaper  
  20  1:44  Command Center  
  20  1:54  Factory  
  20  1:58  SCV  
  21  2:07  Barracks Reactor, Refinery  
  21  2:10  SCV  
  22  2:15  Supply Depot  
  23  2:22  SCV  
  23  2:37  SCV  
  23  2:39  Starport  
  23  2:42  Widow Mine  
  23  2:43  Marine x2  
  28  2:49  SCV  
  29  2:55  Orbital Command  
  29  3:01  SCV  
  29  3:02  Marine x2  
  32  3:11  Widow Mine  
  34  3:14  SCV  
  34  3:15  Medivac  
  37  3:20  Marine x2  
  37  3:23  SCV  
  37  3:26  SCV  
  41  3:30  Supply Depot  
  41  3:36  SCV  
  41  3:38  SCV  
  41  3:40  Barracks  
  41  3:41  Factory Tech Lab  
  43  3:48  SCV  
  44  3:50  SCV  
  44  3:52  Marine x2  
  44  3:53  Supply Depot  
  47  3:59  Engineering Bay  
  47  4:02  SCV x2  
  48  4:07  Siege Tank  
  52  4:11  Marine x2  
  54  4:17  SCV x2  
  53  4:27  Barracks  
  53  4:29  Barracks Tech Lab, SCV x2  
  55  4:35  Supply Depot  
  55  4:40  Siege Tank  
  55  4:41  Terran Infantry Weapons Level 1, SCV  
  55  4:42  SCV  
  60  4:46  Refinery  
  60  4:47  Stimpack  
  60  4:49  Marine  
  60  4:52  Refinery  
  61  4:57  Supply Depot, SCV  
  61  4:58  SCV  
  63  5:01  Starport Reactor  
  63  5:03  Marine  
  63  5:07  Marine, Marauder  
  66  5:09  SCV  
  66  5:10  SCV  
  66  5:11  Supply Depot  
  69  5:19  Factory Reactor  
  69  5:21  Marine  
  70  5:23  Combat Shields, Marauder  
  70  5:24  Marine  
  70  5:25  SCV x2  
  75  5:30  Supply Depot  
  75  5:37  Medivac  
  75  5:39  Medivac  
  75  5:40  SCV x2  
  81  5:44  Marine x2, Marauder  
  81  5:49  Supply Depot  
  85  5:51  Marauder  
  85  5:53  Supply Depot  
  85  5:55  Widow Mine x2  
  91  6:01  Missile Turret  
  91  6:02  Marine x2  
  93  6:10  Medivac  
  93  6:11  Marauder, Medivac  
  99  6:13  Marauder  
  101  6:19  Supply Depot  
  101  6:21  Marine x2  
  101  6:23  Widow Mine  
  101  6:24  Widow Mine  
  101  6:25  Supply Depot  
  107  6:32  Marauder  
  109  6:35  Supply Depot  
  109  6:36  Terran Infantry Armor Level 1  
  109  6:39  Marine  
  110  6:40  Marine  
  110  6:41  Concussive Shells, Marauder  
  113  6:56  Widow Mine x2  
  117  7:05  Marine  
  117  7:06  Marine, Marauder x2  
  113  7:09  SCV x2  
  115  7:17  Command Center  
  110  7:24  Widow Mine  
  110  7:25  Widow Mine  
  114  7:32  Marine x2, Marauder x2  
  116  7:37  SCV x2  
  117  7:45  Medivac x2  
  117  7:47  Barracks  
  117  7:49  Barracks  
  117  7:51  SCV x2  
  109  7:53  Widow Mine x2  
  109  7:55  Marauder  
  109  7:58  Marauder  
  117  8:01  Marine x2  
  118  8:07  SCV x2  
  120  8:12  Armory  
  120  8:17  Engineering Bay  
  120  8:27  Marine x2, Marauder  
  120  8:28  Marauder  
  120  8:31  Orbital Command  
  126  8:36  Barracks Tech Lab  
  126  8:37  Barracks Reactor  
  126  8:38  Viking  
  126  8:41  Viking  
  130  8:47  Marine x2  
  132  8:53  Starport  
  124  8:56  Marauder x3  
  124  9:02  Terran Infantry Weapons Level 2, Terran Infantry Armor Level 2  
  130  9:03  Terran Ship Weapons Level 1  
  130  9:04  SCV  
  130  9:05  Refinery  
  130  9:07  SCV x2  
  133  9:18  Viking x2  
  133  9:21  SCV x3  
  133  9:22  Supply Depot  
  133  9:23  Marine x4, Refinery  
  144  9:28  Marauder x2  
  144  9:29  Marauder  
  148  9:38  Supply Depot  
  148  9:40  SCV, Supply Depot  
  148  9:43  SCV x2  
  148  9:44  Viking x2  
  155  9:49  Viking, Supply Depot  
  156  9:59  Viking  
  158  10:01  Marauder x2  
  158  10:02  Marauder  
  158  10:05  Marine x2  
  158  10:06  Marine x2  
  168  10:18  Medivac x2  
  175  10:27  Viking  
  172  10:29  Viking  
  174  10:37  Marine, Marauder  
  174  10:38  Marauder x2  
  174  10:42  Marine, Supply Depot  
  181  10:43  Supply Depot  
  181  10:47  Marine  
  181  10:48  Marine  
  180  10:55  Marine  
  168  10:59  Marine, Marauder x3  
  167  11:04  Marine  
  149  11:14  SCV x3  
  149  11:17  Marine x3  
  146  11:20  Marauder x3  
  146  11:22  Marine  
  151  11:26  SCV x3  
  150  11:33  Medivac  
  150  11:37  Medivac  
  152  11:41  Marauder, SCV x2  
  152  11:42  Marauder x2  
  160  11:49  Medivac x2  
  154  12:05  Marauder  
  154  12:06  Marauder x2  
  160  12:13  Marine x4  

Tags
 
Add a new tag
Caveats
  • Supply blocks, unpowered buildings, or Contaminate may cause inaccurate times.
  • Supply counts are checked every 10 seconds.